 Dungeon Crawl Stone Soup version 0.27-a0-1319-geec4fb4e21 (webtiles) character file.

Game seed: 13635459806663381039

98 bande the Covered (level 4, -6/29 HPs)
             Began as a Gargoyle Fighter on June 21, 2021.
             Killed from afar by Natasha (10 damage)
             ... with a puff of flame
             ... on level 1 of the Dungeon.
             The game lasted 00:02:31 (1687 turns).

bande the Covered (Gargoyle Fighter)                Turns: 1687, Time: 00:02:31

Health: -6/29      AC: 13    Str: 19    XL:     4   Next: 71%
Magic:  4/4        EV:  5    Int:  9    God:
Gold:   85         SH:  9    Dex: 10    Spells: 3/3 levels left

rFire    . . .     SeeInvis .   a - +0 war axe
rCold    . . .     Faith    .   c - +0 kite shield
rNeg     + . .     Spirit   .   j - +0 chain mail
rPois    ∞         Reflect  .   (no helmet)
rElec    +         Harm     .   (no cloak)
rCorr    .         Rampage  .   (no gloves)
Will     .....                  (no boots)
Stlth    ..........             (no amulet)
HPRegen  0.09/turn              (no ring)
MPRegen  0.09/turn              (no ring)

@: no status effects
A: sickness immunity, AC +3, negative energy resistance 1, electricity
resistance, torment resistance 1, petrification resistance
a: no special abilities


You were on level 1 of the Dungeon.
You visited 1 branch of the dungeon, and saw 2 of its levels.

You collected 85 gold pieces.

Inventory:

Hand Weapons
 a - a +0 war axe (weapon)
Armour
 c - a +0 kite shield (worn)
 j - a +0 chain mail (worn)
Scrolls
 g - a scroll of identify {unknown}
 i - a scroll of enchant armour {unknown}
 k - a scroll of teleportation
Potions
 b - a potion of attraction {unknown}
 d - a potion of might
 e - a potion of flight {unknown}
 f - a potion of invisibility {unknown}
 h - a potion of haste {unknown}


   Skills:
 + Level 3.7 Fighting
 + Level 2.6 Axes
 + Level 3.9 Armour
 + Level 1.2 Dodging
 + Level 3.8 Shields


You had 3 spell levels left.
You didn't know any spells.
Your spell library contained the following spells:

 Spells                   Type           Power      Damage    Failure   Level
 Magic Dart               Conj           0%         1d3       100%        1
 Searing Ray              Conj           0%         3d3       100%        2
 Dazzling Flash           Conj/Hex       0%         N/A       100%        3
 Fulminant Prism          Conj/Hex       0%         3d6       100%        4
 Iskenderun's Mystic Bla  Conj/Tloc      0%         2d3       100%        4


Dungeon Overview and Level Annotations

Branches:
Dungeon (2/15)

Altars:

Annotations:
D:1 Natasha


Innate Abilities, Weirdness & Mutations

You are immune to sickness and miasma.
Your stone body is resilient. (AC +3)
You are immune to poison.
You resist negative energy. (rN+)
You are resistant to electric shocks. (rElec)
You are resistant to unholy torment.
You are immune to petrification.


Message History

You block the bat's attack.
The ball python bites you but does no damage.
You block the ball python's attack. Natasha claws you but does no damage.
The rat bites you but does no damage.
The ball python bites you but does no damage.
The ball python closely misses you.
The ball python bites you but does no damage.
You block the ball python's attack. You block Natasha's attack.
The ball python barely misses you. The ball python grabs you.
The ball python constricts you.
The ball python's grasp on you weakens, but your attempt to escape fails.
Natasha growls.
Natasha stares at you and mumbles some strange words.
The magic dart hits you but does no damage.
The ball python bites you but does no damage.
The ball python constricts you.
The ball python's grasp on you weakens, but your attempt to escape fails.
The ball python bites you but does no damage.
The ball python constricts you.
Natasha mumbles some strange words.
The ball python bites you but does no damage.
The ball python constricts you.
Natasha casts a spell.
You escape the ball python's grasp.
You block the white imp's attack. Natasha claws you.
The white imp closely misses you. You block the white imp's attack.
You block the bat's attack.
Natasha zaps a wand.
The puff of flame hits you but does no damage.
The white imp gestures at you.
The puff of frost hits you but does no damage.
There is a stone staircase leading up here.
Natasha zaps a wand.
The puff of flame hits you!
* * * LOW HITPOINT WARNING * * *
You climb upwards.
There is a stone staircase leading down here.
You hit Natasha but do no damage.
You feel yourself speed up. Natasha claws you but does no damage.
Natasha zaps a wand.
The puff of flame hits you!
You die...

###'#####..#.#...........#.#
#.......##.#.#.#########.#.#
#.......##.#.#.### #.#.#
#.......##.#.#...# #..)#
#..†....##...###.# #####
#.......###..# #.# #.......#
#..# #.# #.......# #..###.#
#.......# #.@....# #.......#
##h.#### #.......# #..###
######### #....# ##.#.#
##.#.# #....# ######


You could see Natasha.

Vanquished Creatures
  Natasha (D:2)
  A gnoll (D:1)
  An adder (D:2)
  A worm (D:2)
  6 bats
  4 endoplasms
  5 giant cockroaches
  3 goblins
  8 hobgoblins
  3 jackals (D:2)
  2 quokkas (D:1)
  A ball python (D:1)
  3 frilled lizards
  5 kobolds
  4 rats
48 creatures vanquished.

Notes
Turn   | Place    | Note
-------+----------+-------------------------------------------
     0 | D:1      | bande the Gargoyle Fighter began the quest for the Orb.
     0 | D:1      | Reached XP level 1. HP: 14/14 MP: 1/1
    39 | D:1      | Reached XP level 2. HP: 17/19 MP: 2/2
   521 | D:1      | Reached skill level 1 in Dodging
   521 | D:1      | Reached XP level 3. HP: 13/23 MP: 3/3
  1131 | D:2      | Noticed Natasha
  1139 | D:2      | Killed Natasha
  1140 | D:2      | Reached XP level 4. HP: 20/29 MP: 4/4
  1670 | D:2      | Noticed Natasha
  1687 | D:1      | Killed from afar by Natasha

Illustrated notes

Levels and vault maps discovered:
D:1:      dpeg_arrival_rhombus, layout_basic, hex_large, minmay_surrounded
D:2:      layout_basic, minmay_heptomino_l4, uniq_natasha

Skill      XL: |  1  2 |
---------------+-------+-----
Axes           | 2 |  2.6
Dodging        | 1 |  1.2
Fighting       | |  3.7
Armour         | |  3.9
Shields        | |  3.8

Action                   |  1- 3 |  4- 6 || total
-------------------------+-------+-------++-------
Melee: War axe           |   101 |    56 ||   157
  Use: Scroll            |     1 |       ||     1
Armor: Scale mail        |    62 |    14 ||    76
       Chain mail        |       |    50 ||    50
Dodge: Dodged            |    31 |    31 ||    62
Block: Kite shield       |    58 |    49 ||   107

Table legend: (Time is in decaauts)
 A = Elapsed time spent in this place.
 B = Non-inter-level travel time spent in this place.
 C = Inter-level travel time spent in this place.
 D = Time resting spent in this place.
 E = Time spent auto-exploring this place.
 F = Levels seen in this place.
 G = Mean time per level.
                   A        B        C        D        E       F      G
               +--------+--------+--------+--------+--------+-----+--------+
         Total |   1791 |   1791 |      0 |    405 |    957 |   2 |  895.5 |
       Dungeon |   1791 |   1791 |      0 |    405 |    957 |   2 |  895.5 |
               +--------+--------+--------+--------+--------+-----+--------+

Top non-repeatable levels by time:
     D:1: 1266 daAuts
     D:2: 525 daAuts
